TOP OF THE 1ST |
Los Angeles (NYP) Angels batting - Pitching for Aberdeen Ironbirds : RHP Steve Webb
|
Pitching: RHP Steve Webb
|
|
Batting: RHB Nick Lombardo
|
0-0: Ball 1-0: Ground out 3-1 (Groundball, 34S, EV 83.1 MPH)
|
Batting: RHB Ricky Mejicanos
|
0-0: SINGLE (Groundball, 4MD, EV 108.8 MPH)
|
Batting: RHB Kyler Seitz
|
0-0: Ball 1-0: Ball 2-0: Foul Ball, location: 2F 2-1: Called Strike 2-2: Ball 3-2: Foul Ball, location: 2F 3-2: Strikes out swinging Ricky Mejicanos is caught stealing 2nd base 2-4 Batter strikes out.
|
Top of the 1st over - 0 runs, 1 hit, 0 errors, 0 left on base; Los Angeles (NYP) 0 - Aberdeen 0 |
BOTTOM OF THE 1ST |
Aberdeen Ironbirds batting - Pitching for Los Angeles (NYP) Angels : RHP Chris DePalma
|
Pitching: RHP Chris DePalma
|
|
Batting: LHB Vinny Rivera
|
0-0: Called Strike 0-1: Ball 1-1: SINGLE (Groundball, 4M, EV 103.1 MPH) (infield hit)
|
Batting: LHB Pat Fontana
|
0-0: Ball 1-0: Called Strike 1-1: Ball 2-1: Foul Ball, location: 2F 2-2: Foul Ball, location: 2F 2-2: SINGLE (Groundball, 4MD, EV 94.4 MPH) Vinny Rivera to second Runner from 2nd tries for 3rd, SAFE, throw by CF made to third
|
Batting: SHB Carlos Carrillo
|
0-0: Ball Pat Fontana is caught stealing 2nd base 2-6 1-0: Fly out, F7 (Line Drive, 7S, EV 92.5 MPH)
|
Batting: RHB Jonathan Mendoza
|
0-0: Foul Ball, location: 2F 0-1: Ball 1-1: Foul Ball, location: 2F 1-2: Foul Ball, location: 2F 1-2: SINGLE (Line Drive, 4MD, EV 94.4 MPH) Vinny Rivera scores
|
Batting: LHB Sam Williams
|
0-0: Called Strike Jonathan Mendoza steals 2nd base 0-1: Ground out 6-3 (Groundball, 6, EV 78.8 MPH)
|
Bottom of the 1st over - 1 run, 3 hits, 0 errors, 1 left on base; Los Angeles (NYP) 0 - Aberdeen 1 |
TOP OF THE 2ND |
Los Angeles (NYP) Angels batting - Pitching for Aberdeen Ironbirds : RHP Steve Webb
|
Batting: LHB Mutsuo IIda
|
0-0: Foul Ball, location: 2F 0-1: Called Strike 0-2: Ball 1-2: Ball 2-2: Foul Ball, location: 2F 2-2: Ball 3-2: Base on Balls
|
Batting: RHB Wilford Harper
|
0-0: Called Strike Mutsuo IIda steals 2nd base 0-1: Foul Ball, location: 2F 0-2: Strikes out swinging
|
Batting: RHB Dean LeCroy
|
0-0: Called Strike 0-1: Foul Ball, location: 2F 0-2: Ball 1-2: Ground out 2-3 (Groundball, 15S, EV 65.6 MPH) Mutsuo IIda to third
|
Batting: RHB Dan Myers
|
0-0: Ball 1-0: Ball 2-0: Called Strike 2-1: Ball 3-1: Swinging Strike 3-2: Strikes out swinging
|
Top of the 2nd over - 0 runs, 0 hits, 0 errors, 1 left on base; Los Angeles (NYP) 0 - Aberdeen 1 |
BOTTOM OF THE 2ND |
Aberdeen Ironbirds batting - Pitching for Los Angeles (NYP) Angels : RHP Chris DePalma
|
Batting: RHB Kevin Popowicz
|
0-0: Foul Ball, location: 2F 0-1: Called Strike 0-2: Ball 1-2: Strikes out swinging
|
Batting: SHB Chris Wright
|
0-0: Ball 1-0: Ball 2-0: Fly out, F9 (Flyball, 9, EV 95.6 MPH)
|
Batting: RHB Alfredo Reguera
|
0-0: Ball 1-0: Ball 2-0: Ball 3-0: Called Strike 3-1: Base on Balls
|
Batting: RHB Fernando Bravo
|
0-0: Called Strike Alfredo Reguera steals 2nd base 0-1: Ball 1-1: SINGLE (Groundball, 6MD, EV 98.1 MPH) Alfredo Reguera to third Runner from 3rd tries for Home, throw by CF and OUT! 8-2
|
Bottom of the 2nd over - 0 runs, 1 hit, 0 errors, 1 left on base; Los Angeles (NYP) 0 - Aberdeen 1 |
TOP OF THE 3RD |
Los Angeles (NYP) Angels batting - Pitching for Aberdeen Ironbirds : RHP Steve Webb
|
Batting: SHB Tim Connell
|
0-0: Called Strike 0-1: Called Strike 0-2: Strikes out swinging
|
Batting: RHB David Rhodes
|
0-0: Ball 1-0: Ball 2-0: Ball 3-0: Called Strike 3-1: Called Strike 3-2: Base on Balls
|
Batting: RHB Nick Lombardo
|
0-0: Called Strike 0-1: Swinging Strike 0-2: Foul Ball, location: 2F 0-2: Ball 1-2: Strikes out swinging
|
Batting: RHB Ricky Mejicanos
|
0-0: Called Strike 0-1: Swinging Strike 0-2: Ball 1-2: Strikes out swinging
|
Top of the 3rd over - 0 runs, 0 hits, 0 errors, 1 left on base; Los Angeles (NYP) 0 - Aberdeen 1 |
BOTTOM OF THE 3RD |
Aberdeen Ironbirds batting - Pitching for Los Angeles (NYP) Angels : RHP Chris DePalma
|
Batting: LHB Vinny Rivera
|
0-0: Swinging Strike 0-1: Ball 1-1: Swinging Strike 1-2: Ball 2-2: Foul Ball, location: 2F 2-2: Ball 3-2: Strikes out swinging
|
Batting: LHB Pat Fontana
|
0-0: Swinging Strike 0-1: Swinging Strike 0-2: Strikes out swinging
|
Batting: SHB Carlos Carrillo
|
0-0: Ball 1-0: Ball 2-0: Foul Ball, location: 2F 2-1: Fly out, F7 (Flyball, 7, EV 79.4 MPH)
|
Bottom of the 3rd over - 0 runs, 0 hits, 0 errors, 0 left on base; Los Angeles (NYP) 0 - Aberdeen 1 |
TOP OF THE 4TH |
Los Angeles (NYP) Angels batting - Pitching for Aberdeen Ironbirds : RHP Steve Webb
|
Batting: RHB Kyler Seitz
|
0-0: Ball 1-0: Foul Ball, location: 2F 1-1: Ball 2-1: Foul Ball, location: 2F 2-2: Ball 3-2: DOUBLE (Groundball, 5L, EV 108.1 MPH)
|
Batting: LHB Mutsuo IIda
|
0-0: Called Strike 0-1: Ball 1-1: Ball 2-1: Swinging Strike 2-2: Ball 3-2: Foul Ball, location: 2F 3-2: Base on Balls
|
Batting: RHB Wilford Harper
|
0-0: Ball 1-0: Called Strike 1-1: Foul Ball, location: 2F 1-2: Foul Ball, location: 2F 1-2: Ball 2-2: Grounds into double play, 6-4-3 (Groundball, 6, EV 83.1 MPH) Kyler Seitz to third
|
Batting: RHB Dean LeCroy
|
0-0: Called Strike 0-1: Called Strike 0-2: Strikes out looking
|
Top of the 4th over - 0 runs, 1 hit, 0 errors, 1 left on base; Los Angeles (NYP) 0 - Aberdeen 1 |
BOTTOM OF THE 4TH |
Aberdeen Ironbirds batting - Pitching for Los Angeles (NYP) Angels : RHP Chris DePalma
|
Batting: RHB Jonathan Mendoza
|
0-0: Called Strike 0-1: Ball 1-1: Ball 2-1: Ball 3-1: Base on Balls
|
Batting: LHB Sam Williams
|
0-0: Called Strike 0-1: Swinging Strike 0-2: SINGLE (Line Drive, 4MD, EV 95.0 MPH) Jonathan Mendoza to second
|
Batting: RHB Kevin Popowicz
|
0-0: Foul Ball, location: 2F 0-1: Ball 1-1: Foul Ball, location: 2F 1-2: Foul Ball, location: 2LF, Error on foul ball, E2 1-2: Fielders Choice at 2nd, 1-6 (Groundball, 13S, EV 68.1 MPH) Jonathan Mendoza to third
|
Batting: SHB Chris Wright
|
0-0: Called Strike Kevin Popowicz steals 2nd base 0-1: Foul Ball, location: 2F 0-2: Foul Ball, location: 2F 0-2: Ball 1-2: SINGLE (Line Drive, 78S, EV 95.6 MPH) Jonathan Mendoza scores Kevin Popowicz to third
|
Batting: RHB Alfredo Reguera
|
0-0: Ball 1-0: Fly out, F8 (Flyball, 8RM, EV 86.2 MPH)
|
Batting: RHB Fernando Bravo
|
0-0: Ball 1-0: Ground out 5-3 (Groundball, 56S, EV 80.6 MPH)
|
Bottom of the 4th over - 1 run, 2 hits, 1 error, 2 left on base; Los Angeles (NYP) 0 - Aberdeen 2 |
TOP OF THE 5TH |
Los Angeles (NYP) Angels batting - Pitching for Aberdeen Ironbirds : RHP Steve Webb
|
Batting: RHB Dan Myers
|
0-0: Ball 1-0: Called Strike 1-1: Called Strike 1-2: Ball 2-2: Strikes out swinging
|
Batting: SHB Tim Connell
|
0-0: Ground out 6-3 (Groundball, 6M, EV 100.0 MPH)
|
Batting: RHB David Rhodes
|
0-0: Ball 1-0: Foul Ball, location: 2F 1-1: Called Strike 1-2: Foul Ball, location: 2F 1-2: Ground out 4-3 (Groundball, 4, EV 94.4 MPH)
|
Top of the 5th over - 0 runs, 0 hits, 0 errors, 0 left on base; Los Angeles (NYP) 0 - Aberdeen 2 |
BOTTOM OF THE 5TH |
Aberdeen Ironbirds batting - Pitching for Los Angeles (NYP) Angels : RHP Chris DePalma
|
Batting: LHB Vinny Rivera
|
0-0: Called Strike 0-1: Ball 1-1: Ball 2-1: Ball 3-1: SOLO HOME RUN (Flyball, 7D, EV 104.4 MPH), Distance : 390 ft
|
Batting: LHB Pat Fontana
|
0-0: Ball 1-0: Ball 2-0: Ball 3-0: Base on Balls
|
Batting: SHB Carlos Carrillo
|
0-0: Swinging Strike 0-1: Fly out, F2 (Popup, 23F, EV 84.4 MPH)
|
Batting: RHB Jonathan Mendoza
|
0-0: Ball 1-0: Called Strike 1-1: Ball 2-1: Foul Ball, location: 2F 2-2: Ball 3-2: SINGLE (Groundball, 5D, EV 94.4 MPH) Pat Fontana to second
|
Pitching: LHP Chris Fuller
|
|
Batting: LHB Sam Williams
|
0-0: Called Strike 0-1: Ball 1-1: Foul Ball, location: 2F 1-2: Strikes out swinging
|
Batting: RHB Kevin Popowicz
|
0-0: Ball 1-0: Fly out, F9 (Flyball, 9D, EV 90.6 MPH)
|
Bottom of the 5th over - 1 run, 2 hits, 0 errors, 2 left on base; Los Angeles (NYP) 0 - Aberdeen 3 |
TOP OF THE 6TH |
Los Angeles (NYP) Angels batting - Pitching for Aberdeen Ironbirds : RHP Steve Webb
|
Batting: RHB Nick Lombardo
|
0-0: Called Strike 0-1: DOUBLE (Line Drive, 8RXD, EV 106.2 MPH)
|
Batting: RHB Ricky Mejicanos
|
0-0: Swinging Strike 0-1: Foul Ball, location: 2F 0-2: Ball 1-2: Strikes out swinging
|
Batting: RHB Kyler Seitz
|
0-0: Ball 1-0: Foul Ball, location: 2F 1-1: Ball 2-1: Ball 3-1: Fly out, F7 (Flyball, 7LM, EV 91.2 MPH)
|
Pitching: RHP Joe Underhill
|
|
Batting: LHB Mutsuo IIda
|
0-0: Ball 1-0: Ball 2-0: Ball 3-0: Swinging Strike 3-1: Called Strike 3-2: Foul Ball, location: 2F 3-2: Strikes out looking
|
Top of the 6th over - 0 runs, 1 hit, 0 errors, 1 left on base; Los Angeles (NYP) 0 - Aberdeen 3 |
BOTTOM OF THE 6TH |
Aberdeen Ironbirds batting - Pitching for Los Angeles (NYP) Angels : LHP Chris Fuller
|
Batting: SHB Chris Wright
|
0-0: Ball 1-0: Foul Ball, location: 2F 1-1: DOUBLE (Flyball, 8RXD, EV 105.0 MPH)
|
Batting: RHB Alfredo Reguera
|
0-0: Called Strike 0-1: Ball 1-1: Swinging Strike 1-2: Foul Ball, location: 2F 1-2: Strikes out swinging
|
Batting: RHB Fernando Bravo
|
0-0: Foul Ball, location: 2F 0-1: Swinging Strike 0-2: Ball 1-2: Ball 2-2: Ball 3-2: Strikes out swinging, 2-3 out at first.
|
Batting: LHB Vinny Rivera
|
0-0: Ball 1-0: Called Strike 1-1: Fly out, F4 (Line Drive, 4, EV 73.1 MPH)
|
Bottom of the 6th over - 0 runs, 1 hit, 0 errors, 1 left on base; Los Angeles (NYP) 0 - Aberdeen 3 |
TOP OF THE 7TH |
Los Angeles (NYP) Angels batting - Pitching for Aberdeen Ironbirds : RHP Joe Underhill
|
Now at 3B: Matt Berrier
|
|
Batting: RHB Wilford Harper
|
0-0: Ball 1-0: Ball 2-0: Ball 3-0: Called Strike 3-1: Base on Balls
|
Batting: RHB Dean LeCroy
|
0-0: Ball 1-0: Swinging Strike 1-1: Ball 2-1: Foul Ball, location: 2F 2-2: Ball 3-2: Base on Balls Wilford Harper to second
|
Batting: RHB Dan Myers
|
0-0: Foul Ball, location: 2F 0-1: Foul Ball, location: 2F 0-2: Strikes out looking
|
Batting: SHB Tim Connell
|
0-0: Called Strike 0-1: Ball 1-1: Ball 2-1: Called Strike 2-2: Strikes out swinging
|
Pinch Hitting: LHB Matthew Bale
|
0-0: Foul Ball, location: 2F 0-1: Ball 1-1: Swinging Strike 1-2: Foul Ball, location: 2F 1-2: Strikes out swinging
|
Top of the 7th over - 0 runs, 0 hits, 0 errors, 2 left on base; Los Angeles (NYP) 0 - Aberdeen 3 |
BOTTOM OF THE 7TH |
Aberdeen Ironbirds batting - Pitching for Los Angeles (NYP) Angels : LHP Chris Fuller
|
Now at 2B: Nick Lombardo
|
|
Now at 3B: Ron Major
|
|
Batting: LHB Pat Fontana
|
0-0: Called Strike 0-1: Ball 1-1: Ball 2-1: Ball 3-1: Foul Ball, location: 2F 3-2: Strikes out swinging
|
Batting: SHB Carlos Carrillo
|
0-0: Ball 1-0: Fly out, F8 (Line Drive, 8RM, EV 95.6 MPH)
|
Batting: RHB Jonathan Mendoza
|
0-0: Called Strike 0-1: Fly out, F8 (Flyball, 8LXD, EV 95.0 MPH)
|
Bottom of the 7th over - 0 runs, 0 hits, 0 errors, 0 left on base; Los Angeles (NYP) 0 - Aberdeen 3 |
TOP OF THE 8TH |
Los Angeles (NYP) Angels batting - Pitching for Aberdeen Ironbirds : RHP Joe Underhill
|
Batting: RHB Nick Lombardo
|
0-0: Called Strike 0-1: Swinging Strike 0-2: Strikes out looking
|
Batting: RHB Ricky Mejicanos
|
0-0: Ball 1-0: Ball 2-0: Ball 3-0: Called Strike 3-1: Fly out, F3 (Popup, 3, EV 60.0 MPH)
|
Batting: RHB Kyler Seitz
|
0-0: Ball 1-0: Ball 2-0: Foul Ball, location: 2F 2-1: Ball 3-1: Foul Ball, location: 2F 3-2: DOUBLE (Line Drive, 78M, EV 111.9 MPH)
|
Pitching: LHP Fadeuka Aleev
|
|
Batting: LHB Mutsuo IIda
|
0-0: Ball 1-0: Hit by Pitch
|
Pitching: RHP Nick Hodge
|
|
Batting: RHB Wilford Harper
|
0-0: Foul Ball, location: 2F 0-1: Ground out 1-3 (Groundball, 13S, EV 73.8 MPH)
|
Top of the 8th over - 0 runs, 1 hit, 0 errors, 2 left on base; Los Angeles (NYP) 0 - Aberdeen 3 |
BOTTOM OF THE 8TH |
Aberdeen Ironbirds batting - Pitching for Los Angeles (NYP) Angels : LHP Chris Fuller
|
Pitching: RHP In Bea
|
|
Batting: LHB Sam Williams
|
0-0: Swinging Strike 0-1: Called Strike 0-2: Foul Ball, location: 2F 0-2: Ball 1-2: Foul Ball, location: 2F 1-2: Ball 2-2: SINGLE (Groundball, 56D, EV 95.6 MPH)
|
Batting: RHB Kevin Popowicz
|
0-0: Ball Sam Williams steals 2nd, throwing error, E2 Sam Williams to third 1-0: Ball 2-0: Ball 3-0: Called Strike 3-1: Base on Balls
|
Batting: RHB Matt Berrier
|
0-0: Called Strike Kevin Popowicz steals 2nd base 0-1: Ball 1-1: Foul Ball, location: 2F 1-2: Ground out 5-3 (Groundball, 56, EV 84.4 MPH)
|
Batting: RHB Alfredo Reguera
|
0-0: Ball 1-0: Ball 2-0: Foul Ball, location: 2F 2-1: Swinging Strike 2-2: Foul Ball, location: 2F 2-2: Strikes out swinging
|
Batting: RHB Fernando Bravo
|
0-0: Ball 1-0: Ground out 5-3 (Groundball, 5L, EV 81.2 MPH)
|
Bottom of the 8th over - 0 runs, 1 hit, 1 error, 2 left on base; Los Angeles (NYP) 0 - Aberdeen 3 |
TOP OF THE 9TH |
Los Angeles (NYP) Angels batting - Pitching for Aberdeen Ironbirds : RHP Nick Hodge
|
Pitching: LHP Ronnie Pickering
|
|
Now at 1B: Carlos Teniente
|
|
Batting: RHB Dean LeCroy
|
0-0: Ball 1-0: Swinging Strike 1-1: Ball 2-1: Foul Ball, location: 2F 2-2: Foul Ball, location: 2F 2-2: Strikes out swinging
|
Batting: RHB Dan Myers
|
0-0: Foul Ball, location: 2F 0-1: Ball 1-1: Ball 2-1: Ball 3-1: Called Strike 3-2: Base on Balls
|
Batting: SHB Tim Connell
|
0-0: Foul Ball, location: 2F 0-1: Ball 1-1: Foul Ball, location: 2F 1-2: Strikes out swinging
|
Batting: RHB Ron Major
|
0-0: Foul Ball, location: 2F 0-1: Called Strike 0-2: Strikes out swinging
|
Top of the 9th over - 0 runs, 0 hits, 0 errors, 1 left on base; Los Angeles (NYP) 0 - Aberdeen 3 |
|